 Dungeon Crawl Stone Soup version 0.30.0-5-g1a98f26d00 (webtiles) character file.

Game seed: 14310278387776053594

66 RascalDebosk the Magician (level 4, -9/32 HPs)
             Began as a Djinni Transmuter on May 10, 2023.
             Killed from afar by Ijyb (17 damage)
             ... with a bolt of dispelling energy
             ... on level 3 of the Dungeon.
             The game lasted 00:13:13 (1789 turns).

RascalDebosk the Magician (Djinni Transmuter)       Turns: 1789, Time: 00:13:13

Health: -9/32      AC:  4    Str:  9    XL:     4   Next: 37%
Gold:   121        EV: 12    Int: 16    God:
                   SH:  0    Dex: 14

rFire   + + .        f - +4 whip
rCold   x . .        (no shield)
rNeg    . . .        a - +0 robe
rPois   ∞            o - +0 helmet
rElec   .            (no cloak)
rCorr   .            d - +0 pair of gloves
SInv    .            (boots unavailable)
Will    .....        (no amulet)
Stlth   +            p - ring of wizardry
HPRegen 0.25/turn    (no ring)
MPRegen 0.00/turn

%: wizardry (x1), infuse magic (-10 HP)
@: flying
A: sickness immunity, fire resistance 2, cold vulnerability 1, float, innate
caster, HP casting, extra vitality 1
a: no special abilities


You were on level 3 of the Dungeon.
You visited 1 branch of the dungeon, and saw 3 of its levels.

You collected 121 gold pieces.

Inventory:

Hand Weapons
 f - a +4 whip (weapon)
Armour
 a - a +0 robe (worn)
 d - a +0 pair of gloves (worn)
 n - a +0 ring mail
 o - a +0 helmet (worn)
Jewellery
 j - an amulet of faith
 p - a ring of wizardry (left hand)
Scrolls
 c - 2 scrolls of vulnerability {unknown}
 e - 2 scrolls of fog {unknown}
 h - 3 scrolls of identify {unknown}
 i - 3 scrolls of teleportation {unknown}
 k - a scroll of enchant weapon {unknown}
 l - a scroll of enchant armour {unknown}
 r - a scroll of fear {unknown}
Potions
 b - a potion of lignification
 g - a potion of heal wounds {unknown}
 m - a potion of degeneration {unknown}
 q - 2 potions of mutation {unknown}


   Skills:
 - Level 1.0 Fighting
 - Level 2.1 Dodging
 - Level 3.0 Unarmed Combat
 + Level 3.3 Spellcasting


You knew the following spells:

 Your Spells              Type           Power      Damage    Failure   Level
a - Beastly Appendage     Tmut           26%        N/A       1%          1
b - Wereblood             Tmut           13%        N/A       2%          2
c - Spider Form           Tmut/Pois      13%        N/A       6%          3
d - Ice Form              Ice/Tmut       13%        N/A       19%         4
e - Sting                 Tmut/Pois      52%        1d5       1%          1
Your spell library was empty.

Dungeon Overview and Level Annotations

Branches:
Dungeon (3/15)

Altars:

Annotations:
D:3 Ijyb


Innate Abilities, Weirdness & Mutations

You are immune to sickness and miasma.
You are immune to poison.
Your flesh is very heat resistant. (rF++)
You are vulnerable to cold. (rC-)
You float through the air rather than walking.
You learn spells naturally, not from books.
Your magical power is your life essence.
You have superior vitality. (+4 MHP)


Message History

An adder comes into view.
Casting: Beastly Appendage (safe; 1% risk of failure)
Confirm with . or Enter, or press ? or * to list all spells.
You can't see any susceptible monsters within range! (Use Z to cast anyway.)
Casting: Beastly Appendage (safe; 1% risk of failure)
Confirm with . or Enter, or press ? or * to list all spells.
You grow a pair of large bovine horns.
Your +0 helmet melds into your body.
Casting: Beastly Appendage (safe; 1% risk of failure)
Confirm with . or Enter, or press ? or * to list all spells.
Aiming: Sting (safe; 1% risk of failure)
Press: ? - help, Shift-Dir - straight line, f - adder
Aim: an adder (53% to hit)
You miscast Sting.
You are very lightly contaminated with residual magic.
Nothing appears to happen.
Casting: Sting (safe; 1% risk of failure)
Confirm with . or Enter, or press ? or * to list all spells.
Aiming: Sting (safe; 1% risk of failure)
Press: ? - help, Shift-Dir - straight line, f/p - adder
Aim: an adder (53% to hit)
The sting hits the adder.
The adder is poisoned.
The adder is moderately wounded.
The adder bites you.
You hit the adder.
The adder is almost dead.
The adder bites you but does no damage.
You closely miss the adder. Your headbutt misses the adder.
The adder is almost dead.
The adder bites you.
You closely miss the adder. Your headbutt misses the adder.
Your punch misses the adder.
The adder is almost dead.
The adder bites you. x2
You barely miss the adder. Your headbutt misses the adder.
The adder is almost dead.
The adder bites you.
You miss the adder. Your headbutt misses the adder.
The adder is almost dead.
You kill the adder!
Your magical contamination has completely faded away.
You see here an adder corpse.
You start resting.
Your transformation is almost over.
Your horns disappear.
Your +0 helmet unmelds from your body.
You start resting.
HP restored.
A giant cockroach comes into view.
Casting: Sting (safe; 1% risk of failure)
Confirm with . or Enter, or press ? or * to list all spells.
You miscast Wereblood.
You are very lightly contaminated with residual magic.
Nothing appears to happen.
Casting: Wereblood (safe; 2% risk of failure)
Confirm with . or Enter, or press ? or * to list all spells.
You grow a pair of large bovine horns.
Your +0 helmet melds into your body.
The giant cockroach bites you but does no damage.
Casting: Beastly Appendage (safe; 1% risk of failure)
Confirm with . or Enter, or press ? or * to list all spells.
Your blood is infused with primal strength.
The giant cockroach closely misses you.
You hit the giant cockroach.
You feel a bit better.
You kill the giant cockroach!
You howl as the wereblood boils in your veins!
You see here a giant cockroach corpse.
Your magical contamination has completely faded away.
You howl as the wereblood boils in your veins!
You howl as the wereblood boils in your veins!
You howl as the wereblood boils in your veins!
Your transformation is almost over.
You howl as the wereblood boils in your veins!
Found a stone staircase leading down.
Found an escape hatch in the floor.
Your primal bloodlust is almost over.
Ijyb the Twisted Goblin comes into view.
She is wielding a +0 club and carrying a wand of quicksilver (9).
Found a scroll labelled FIOTUA DAORPHEUS.
Ijyb shouts!
Casting: Wereblood (safe; 2% risk of failure)
Confirm with . or Enter, or press ? or * to list all spells.
You extend your transformation's duration.
Ijyb zaps a wand.
The bolt of dispelling energy hits you!!
Your magical effects are unravelling.
Ouch! That really hurt!
* * * LOW HITPOINT WARNING * * *
Your horns disappear.
Your +0 helmet unmelds from your body.
Your primal bloodlust has ended.
Casting: Beastly Appendage (safe; 1% risk of failure)
Confirm with . or Enter, or press ? or * to list all spells.
Aiming: Sting (safe; 1% risk of failure)
Press: ? - help, Shift-Dir - straight line, f - Ijyb
Aim: Ijyb, wielding a +0 club, wearing a +0 scale mail and carrying a wand of quicksilver (8) (68% to hit)
The sting hits Ijyb but does no damage.
Ijyb is poisoned.
* * * LOW HITPOINT WARNING * * *
You closely miss Ijyb.
Ijyb zaps a wand.
The bolt of dispelling energy hits you!
Ouch! That really hurt!
You die...

.........# #...
............# #...
............#########...
....>..............##...
..?.....................
........................
............#####.......
............# #..†....
......g@....# #.......
............#####.......
................#.......
................#.......
#####...........######..
#...........####....
#...................
#........###........
#...................


You could see Ijyb (poisoned).

Vanquished Creatures
  2 adders
  2 dart slugs
  2 orcs (D:3)
  4 ball pythons
  4 endoplasms
  A giant cockroach (D:3)
  5 goblins
  2 hobgoblins (D:1)
  3 kobolds (D:1)
  4 quokkas
  6 bats
  A frilled lizard (D:1)
  2 rats
38 creatures vanquished.

Notes
Turn   | Place    | Note
-------+----------+-------------------------------------------
     0 | D:1      | RascalDebosk the Djinni Transmuter began the quest for the
                  | Orb.
     0 | D:1      | RascalDebosk set off with the following spells memorised:
                  | Beastly Appendage, Wereblood, Spider Form, Ice Form.
     0 | D:1      | Reached XP level 1. HP: 17/17 MP: 0/0
   185 | D:1      | Reached XP level 2. HP: 17/22 MP: 0/0
   598 | D:1      | Reached XP level 3. HP: 27/27 MP: 0/0
   598 | D:1      | Learned a level 1 spell: Sting
   849 | D:2      | Found a faded altar of an unknown god.
  1294 | D:2      | Reached XP level 4. HP: 23/32 MP: 0/0
  1784 | D:3      | Noticed Ijyb
  1789 | D:3      | Killed from afar by Ijyb

Illustrated notes

Levels and vault maps discovered:
D:1:      ebering_hopf_link, layout_loops_cross, serial_forest,
          infiniplex_forest_clump_double, infiniplex_forest_corner_2,
          infiniplex_forest_clump_diagonal, infiniplex_forest_clump_C,
          infiniplex_forest_lined_ring, infiniplex_forest_clump_tiny,
          infiniplex_forest_corner_2, infiniplex_forest_lined_4_way,
          infiniplex_forest_clump_diagonal, infiniplex_forest_straight_1,
          minmay_misc_feat_square
D:2:      layout_rooms, basic_ecumenical_altar, minmay_hedge_maze,
          corexii_leaking_fountain
D:3:      layout_basic, ebering_ghost_reflecting_pool, feat_on_display,
          uniq_jessica, uniq_ijyb

Skill      XL: |  1  2  3 |
---------------+----------+-----
Spellcasting   | 2 3 |  3.3
Fighting       | |  1.0
Dodging        | |  2.1
Unarmed Combat | |  3.0

Action                     |  1- 3 |  4- 6 || total
---------------------------+-------+-------++-------
  Melee: Unarmed           |    15 |       ||    15
         Headbutt          |     6 |       ||     6
         Whip              |    62 |     9 ||    71
         Punch             |     1 |       ||     1
   Cast: Beastly Appendage |    14 |    15 ||    29
         Sting             |     3 |     9 ||    12
         Wereblood         |       |     1 ||     1
 Armour: Robe              |    15 |     8 ||    23
  Dodge: Dodged            |    51 |    12 ||    63
